 Dungeon Crawl Stone Soup version 0.24.0-13-gcf9b319 (webtiles) character file.

Game seed: 15766623976626688718, levelgen mode: deterministic

93 silenth the Caller (level 4, 0/24 HPs)
             Began as a Deep Elf Summoner on Feb 10, 2020.
             Succumbed to a killer bee's poison
             ... on level 3 of the Dungeon.
             The game lasted 00:04:01 (3323 turns).

silenth the Caller (Deep Elf Summoner)              Turns: 3323, Time: 00:04:02

Health: 0/24       AC:  3    Str:  5    XL:     4   Next: 37%
Magic:  6/12       EV: 13    Int: 21    God:
Gold:   84         SH:  0    Dex: 15    Spells: 1/11 levels left

rFire    . . .     SeeInvis .   d - +0 dagger
rCold    . . .     Gourm    .   (no shield)
rNeg     . . .     Faith    .   a - +0 robe
rPois    .         Spirit   .   (no helmet)
rElec    .         Reflect  .   (no cloak)
rCorr    .         Harm     .   (no gloves)
MR       .....                  b - +0 pair of boots
Stlth    ++........             (no amulet)
HPRegen  0.08/turn              (no ring)
MPRegen  0.13/turn              (no ring)

@: lethally poisoned (0 -> -7), invisible
A: no striking features
a: no special abilities


You were on level 3 of the Dungeon.
You were not hungry.

You visited 1 branch of the dungeon, and saw 3 of its levels.

You collected 84 gold pieces.

Inventory:

Hand Weapons
 d - a +0 dagger (weapon)
Armour
 a - a +0 robe (worn)
 b - a +0 pair of boots (worn)
Scrolls
 r - 3 scrolls of remove curse
Potions
 f - a potion of magic
Comestibles
 e - 2 rations


   Skills:
 - Level 2.4 Dodging
 - Level 2.4 Stealth
 + Level 4.2 Spellcasting
 * Level 5.8 Summonings
 * Level 0.8 Ice Magic


You had one spell level left.
You knew the following spells:

 Your Spells              Type           Power        Failure   Level  Hunger
a - Summon Small Mammal   Summ           ####         1%          1    None
b - Call Imp              Summ           ####....     1%          2    #......
c - Call Canine Familiar  Summ           ####....     3%          3    ###....
d - Summon Ice Beast      Ice/Summ       ###.....     30%         4    ####...

Your spell library contained the following spells:

 Spells                   Type           Power        Failure   Level  Hunger
 Summon Guardian Golem    Hex/Summ       ###.....     11%         3    ###....
 Summon Lightning Spire   Summ/Air       ###.....     34%         4    ####...


Dungeon Overview and Level Annotations

Branches:
Dungeon (3/15)

Altars:


Message History

You miss the killer bee.
The killer bee is lightly wounded.
The killer bee stings you.
Your ice beast closely misses the killer bee.
The killer bee completely misses you.
Casting: Summon Ice Beast (quite dangerous; 30% risk of failure)
Confirm with . or Enter, or press ? or * to list all spells.
A beastly little devil appears in a puff of frigid air.
You feel sick. The killer bee stings you.
* * * LOW HITPOINT WARNING * * *
Your ice beast hits the killer bee.
Your ice beast freezes the killer bee!
The killer bee stings you.
* * * LOW HITPOINT WARNING * * *
You swap places.
The killer bee misses your white imp.
Your ice beast closely misses the killer bee.
The killer bee closely misses your white imp.
Your white imp misses the killer bee.
It was a potion of invisibility.
You fade into invisibility!
You die...

#........##......
#######..........
#.......##. ##...##.###.
### ##........... ..#
#.##..#.##### #.# #.##..#.#
#.# #.#####.# #@#
##.###..## #5# ##.†....#
##y## ####)..# ##y#Y##
#...# ##y###.## #...# #y##
##.######...####
#..y.###h##............
....#...#..h.............
....#...##.####............


You could see 2 killer bees, a friendly ice beast and a friendly white imp.

Vanquished Creatures
  An adder (D:2)
  A dart slug (D:2)
  3 giant cockroaches
  2 goblins
  5 hobgoblins
  3 kobolds
  4 bats
  5 rats
24 creatures vanquished.

Vanquished Creatures (collateral kills)
  5 adders
  A worm (D:2)
  2 leopard geckos (D:1)
  An orc (D:3)
  5 goblins
  3 hobgoblins (D:1)
  3 jackals (D:2)
  3 quokkas
  2 ball pythons
  4 bats
  3 frilled lizards
  6 kobolds
  2 rats
40 creatures vanquished.

Grand Total: 64 creatures vanquished

Notes
Turn   | Place    | Note
-------+----------+-------------------------------------------
     0 | D:1      | silenth the Deep Elf Summoner began the quest for the Orb.
     0 | D:1      | Reached XP level 1. HP: 10/10 MP: 6/6
   234 | D:1      | Reached XP level 2. HP: 10/15 MP: 2/8
   447 | D:1      | Learned a level 2 spell: Call Imp
   873 | D:1      | Reached skill level 5 in Summonings
  1394 | D:2      | Reached XP level 3. HP: 19/19 MP: 2/10
  1399 | D:2      | Learned a level 3 spell: Call Canine Familiar
  1760 | D:2      | Reached skill level 4 in Spellcasting
  2288 | D:2      | Reached XP level 4. HP: 20/24 MP: 12/12
  2337 | D:2      | Learned a level 4 spell: Summon Ice Beast
  3321 | D:3      | HP: 1/24 [killer bee (4)]
  3323 | D:3      | Succumbed to a killer bee's poison

Levels and vault maps discovered:
D:1:      eino_arrival_water_cross, layout_rooms, dk_noncrumbling_2
D:2:      layout_loops_ring
D:3:      layout_loops_cross, grunt_qazlal_clouds, vehumet_crystals,
          first_ration

Skill      XL: |  1  2  3 |
---------------+----------+-----
Summonings     | 5 |  5.8
Spellcasting   | 4 |  4.2
Dodging        | |  2.4
Stealth        | |  2.4
Ice Magic      | |  0.8

Action                   |  1- 3 |  4- 6 || total
-------------------------+-------+-------++-------
Melee: Unarmed           |    12 |       ||    12
       Dagger            |    93 |    54 ||   147
 Cast: Summon Small Mamm |    22 |       ||    22
       Call Imp          |    14 |     7 ||    21
       Call Canine Famil |     2 |     1 ||     3
       Summon Ice Beast  |       |     1 ||     1
  Use: Potion            |     2 |     1 ||     3
       Scroll            |     2 |       ||     2
 Stab: Sleeping          |     9 |     5 ||    14
  Eat: Chunk             |     5 |       ||     5
       Ration            |       |     1 ||     1
Armor: Robe              |    22 |    10 ||    32
Dodge: Dodged            |    97 |    47 ||   144
